 Dungeon Crawl Stone Soup version 0.24.0-41-g2ae2f7f1be (webtiles) character file.

Game seed: 3745576086628413496, levelgen mode: deterministic

136 Devinter the Bolt Thrower (level 5, -1/34 HPs)
             Began as an Octopode Hunter on Dec 9, 2019.
             Slain by an orc
             ... wielding a +0 trident
              (11 damage)
             ... on level 3 of the Dungeon.
             The game lasted 00:15:34 (1870 turns).

Devinter the Bolt Thrower (Octopode Hunter)         Turns: 1870, Time: 00:15:35

Health: -1/34      AC:  3    Str: 11    XL:     5   Next: 19%
Magic:  14/14      EV: 13    Int: 14    God:
Gold:   92         SH:  0    Dex: 13    Spells: 4/4 levels left

rFire    . . .     SeeInvis .   b - +0 short sword
rCold    . . .     Gourm    .   (no shield)
rNeg     . . .     Faith    .   e - +2 hat
rPois    .         Spirit   .   (no amulet)
rElec    .         Reflect  .   k - ring of magical power
rCorr    .         Harm     .   (no ring)
MR       .....                  (no ring)
Stlth    +++++.....             (no ring)
HPRegen  0.11/turn              (no ring)
MPRegen  0.14/turn              (no ring)
                                (no ring)
                                (no ring)

@: lethally poisoned (-1 -> -6)
A: almost no armour, stealthy swim, amphibious, 8 rings, constrict 8, camouflage
1, gelatinous body 1
a: no special abilities


You were on level 3 of the Dungeon.
You were not hungry.

You visited 1 branch of the dungeon, and saw 3 of its levels.

You collected 92 gold pieces.

Inventory:

Hand Weapons
 a - a +1 hand crossbow
 b - a +0 short sword (weapon)
 g - a +0 short sword
Missiles
 c - 37 bolts
 m - 78 stones (quivered)
 n - 41 sling bullets
Armour
 e - a +2 hat (worn)
Jewellery
 k - a ring of magical power (left tentacle)
 s - a +4 ring of evasion {unknown}
Scrolls
 f - 2 scrolls of enchant weapon {unknown}
 h - a scroll of enchant armour {unknown}
 i - 2 scrolls of fog {unknown}
 j - 6 scrolls of identify {unknown}
 l - 3 scrolls of remove curse {unknown}
 t - a scroll of immolation {unknown}
 u - a scroll of magic mapping {unknown}
Potions
 o - a potion of haste
 p - a potion of heal wounds
 q - 2 potions of might {unknown}
 r - a potion of curing {unknown}
Comestibles
 d - 8 rations
 v - 2 chunks of flesh


   Skills:
 - Level 2.0 Fighting
 * Level 5.6 Crossbows
 - Level 2.0 Dodging
 + Level 4.0 Stealth


You had 4 spell levels left.
You didn't know any spells.
Your spell library was empty.

Dungeon Overview and Level Annotations

Branches:
Dungeon (3/15)

Altars:
Dithmenos
Hepliaklqana


Innate Abilities, Weirdness & Mutations

You cannot wear most types of armour.
You are very stealthy in the water. (Stealth+)
You are amphibious.
You can wear up to eight rings at the same time.
You can use your tentacles to constrict eight enemies at once.
Your skin changes colour to match your surroundings (Stealth+).
Your rubbery body absorbs attacks. (AC +1, EV +1)


Message History

You feel sick. The orc closely misses you.
You feel sick. The frilled lizard misses you.
The orc hits you from afar with a +0 trident.
You completely miss the orc. You grab the orc.
The orc is severely wounded.
You constrict the orc.
You kill the orc!
You feel sick. The frilled lizard closely misses you. The orc hits you.
The orc barely misses you.
You completely miss the orc. You grab the orc. You constrict the orc.
You feel sick. The frilled lizard barely misses you.
The orc closely misses you. The orc misses you. The frilled lizard bites you.
* * * LOW HITPOINT WARNING * * *
You hit the orc. You squeeze the orc.
You kill the orc!
The frilled lizard bites you.
* * * LOW HITPOINT WARNING * * *
The orc hits you from afar with a +0 trident!
You die...

#...# #..# .#
#...# ##.###.#
#...# #..##.# #
#...# ##.##.# .#
#...# #..#.#
###.# #...#
##.#.##....#
#.........#
##..)≈≈≈..#
######.>o@[≈..#
#.......l≈≈≈.+#
#.....(o.........
#..........#.....
#.........##.....
###...(..... ..##
#............#
#............#
#...........


You could see 2 orcs and a frilled lizard.

Vanquished Creatures
  Terence (D:2)
  Robin (D:2)
  4 adders
  A worm (D:2)
  A leopard gecko (D:1)
  2 orcs (D:3)
  6 bats
  3 giant cockroaches
  12 goblins
  10 hobgoblins
  3 jackals (D:2)
  4 kobolds
  3 frilled lizards (D:1)
  9 rats
60 creatures vanquished.

Notes
Turn   | Place    | Note
-------+----------+-------------------------------------------
     0 | D:1      | Devinter the Octopode Hunter began the quest for the Orb.
     0 | D:1      | Reached XP level 1. HP: 14/14 MP: 1/1
   279 | D:1      | Reached skill level 2 in Stealth
   279 | D:1      | Reached XP level 2. HP: 19/19 MP: 2/2
   522 | D:1      | Reached XP level 3. HP: 24/24 MP: 3/3
   882 | D:2      | Found a shadowy altar of Dithmenos.
   889 | D:2      | Reached skill level 3 in Stealth
  1024 | D:2      | Reached skill level 5 in Crossbows
  1096 | D:2      | Noticed Terence
  1098 | D:2      | Killed Terence
  1098 | D:2      | Reached XP level 4. HP: 29/29 MP: 4/4
  1164 | D:2      | Noticed Robin
  1476 | D:2      | Killed Robin
  1523 | D:2      | Found a hazy altar of Hepliaklqana.
  1672 | D:3      | Reached XP level 5. HP: 34/34 MP: 5/5
  1709 | D:3      | Reached skill level 4 in Stealth
  1711 | D:3      | HP: 3/34 [goblin/+0 dagger (3)]
  1870 | D:3      | Slain by an orc

Levels and vault maps discovered:
D:1:      dpeg_arrival_round_a, layout_rooms, patterned_corridor
D:2:      layout_rooms, marbit_many_paths, grunt_dithmenos_smoke_and_mirrors,
          uniq_terence, uniq_robin
D:3:      layout_basic, lemuel_round_altar, corexii_item_surrounded_by_moat,
          uniq_natasha, uniq_crazy_yiuf_cottage

Skill      XL: |  1  2  3  4  5 |
---------------+----------------+-----
Stealth        | 2 3 4 |  4.0
Crossbows      | 5 |  5.6
Fighting       | |  2.0
Dodging        | |  2.0

Action                   |  1- 3 |  4- 6 || total
-------------------------+-------+-------++-------
Melee: Short sword       |     2 |    51 ||    53
       Constrict         |     1 |    15 ||    16
       Tentacles         |       |     8 ||     8
 Fire: Hand crossbow     |    75 |     3 ||    78
Throw: Stone             |       |     1 ||     1
  Use: Potion            |       |     2 ||     2
 Stab: Sleeping          |       |     2 ||     2
  Eat: Chunk             |       |     3 ||     3
Armor: Skin              |     3 |    11 ||    14
Dodge: Dodged            |    10 |    47 ||    57
